 Dungeon Crawl Stone Soup version 0.29-a0-872-g797fff5ad1 (webtiles) character file.

Game seed: 15370016547338971537

89 jimonade the Sneak (level 4, -1/27 HPs)
             Began as a Kobold Brigand on July 18, 2022.
             Was an Initiate of Wu Jian.
             Succumbed to an adder's poison
             ... on level 2 of the Dungeon.
             The game lasted 00:02:57 (1259 turns).

jimonade the Sneak (Kobold Brigand)                 Turns: 1259, Time: 00:02:57

Health: -1/27      AC:  4    Str:  8    XL:     4   Next: 84%
Magic:  4/4        EV: 14    Int: 12    God:    Wu Jian [......]
Gold:   82         SH:  0    Dex: 18    Spells: 3/3 levels left

rFire   . . .      SeeInvis .   a - +2 dagger
rCold   . . .      Faith    .   (no shield)
rNeg    . . .      Spirit   .   b - +0 robe
rPois   .          Reflect  .   j - +0 helmet
rElec   .          Harm     .   c - +0 cloak
rCorr   .          Rampage  .   (no gloves)
Will    .....                   (no boots)
Stlth   +++++.....              (no amulet)
HPRegen 0.09/turn               (no ring)
MPRegen 0.09/turn               (no ring)

@: lethally poisoned (-1 -> -10)
A: small, no large weapons, nightstalker 3
a: Renounce Religion


You were on level 2 of the Dungeon.
You worshipped Wu Jian.
Wu Jian was noncommittal.
You visited 1 branch of the dungeon, and saw 2 of its levels.

You collected 82 gold pieces.

Inventory:

Hand Weapons
 a - a +2 dagger (weapon)
Missiles
 d - 9 poisoned darts (quivered)
 e - 3 curare-tipped darts
 g - 8 boomerangs
Armour
 b - a +0 robe (worn)
 c - a +0 cloak (worn)
 j - a +0 helmet (worn)
 l - a +1 scale mail of poison resistance
Scrolls
 f - a scroll of blinking {unknown}
 h - 2 scrolls of teleportation {unknown}
 i - 4 scrolls of identify {unknown}
 k - a scroll of noise {unknown}
Potions
 m - a potion of curing {unknown}
 n - a potion of haste {unknown}
 o - a potion of degeneration {unknown}


   Skills:
 + Level 2.4 Fighting
 + Level 2.9 Short Blades
 - Level 2.1 Throwing
 * Level 0.1 Armour
 + Level 1.2 Dodging
 * Level 7.8 Stealth


You had 3 spell levels left.
You didn't know any spells.
Your spell library was empty.

Dungeon Overview and Level Annotations

Branches:
Dungeon (2/15)

Altars:
Wu Jian

Shops:
D:2 (*[?!


Innate Abilities, Weirdness & Mutations

You are small and have problems with some larger weapons.
You are completely attuned to the shadows.


Message History

You feel sick. The adder bites you.
You are more poisoned.
The adder poisons you!
You barely miss the adder.
The adder is lightly wounded.
You feel sick. The adder bites you but does no damage.
You hit the adder.
The adder is heavily wounded.
You feel sick. The adder barely misses you.
You are too injured to fight recklessly!
You are too injured to fight recklessly!
You are too injured to fight recklessly!
You closely miss the adder.
The adder is heavily wounded.
You feel sick.
The adder bites you but does no damage. x2
You miss the adder.
The adder is heavily wounded.
You feel sick. The adder bites you.
You are lethally poisoned!
The adder poisons you!
You miss the adder.
The adder is heavily wounded.
* * * LOW HITPOINT WARNING * * *
You feel sick. The adder misses you.
You hit the adder.
The adder is severely wounded.
* * * LOW HITPOINT WARNING * * *
You feel sick. The adder bites you.
* * * LOW HITPOINT WARNING * * *
You hit the adder.
The adder is almost dead.
* * * LOW HITPOINT WARNING * * *
You feel sick. The adder bites you.
* * * LOW HITPOINT WARNING * * *
You are more poisoned.
The adder poisons you!
You hit the adder.
You kill the adder!
The Council accepts your kill.
You die...

.##..## ...
##.†##......
#.......
##....##...##....##
#.......
#......#...#......#
#.......
#..##..##.##..##..##
#.......
..####..#.#..####..#
#.......
..#..#..#.#..#.?#..#
.....>.[
..##.#..#.#..#.##..#
#####...
#..#.#...#)..#.#..##
######...
#....#...#...#.†@.#
.........
##..##...#...##..##
.........
#####....#....####
........#
.........).....
.........
...........
.####....
...........
.........
...........
......... ..........
......... ...).....
.........


There were no monsters in sight!

Vanquished Creatures
  Terence (D:2)
  Natasha (D:2)
  An adder (D:2)
  A dart slug (D:1)
  3 endoplasms
  3 giant cockroaches
  6 goblins
  3 hobgoblins
  4 quokkas (D:1)
  A ball python (D:1)
  3 bats (D:1)
  A frilled lizard (D:1)
  4 kobolds
  4 rats (D:1)
36 creatures vanquished.

Notes
Turn   | Place    | Note
-------+----------+-------------------------------------------
     0 | D:1      | jimonade the Kobold Brigand began the quest for the Orb.
     0 | D:1      | Reached XP level 1. HP: 12/12 MP: 1/1
   159 | D:1      | Reached XP level 2. HP: 18/18 MP: 2/2
   226 | D:1      | Reached skill level 6 in Stealth
   249 | D:1      | Found a faded altar of an unknown god.
   460 | D:1      | Reached XP level 3. HP: 22/22 MP: 3/3
   881 | D:2      | Found Kexaiz's General Store.
   884 | D:2      | Noticed Terence
   889 | D:2      | Killed Terence
   890 | D:2      | Reached skill level 7 in Stealth
   890 | D:2      | Reached XP level 4. HP: 27/27 MP: 4/4
   974 | D:2      | Found Qops's Armour Shoppe.
  1008 | D:2      | Found Daock's Distillery.
  1089 | D:2      | Noticed Natasha
  1091 | D:2      | Found Ameronof's Magic Scroll Shoppe.
  1093 | D:2      | Killed Natasha
  1147 | D:2      | Found an ornate altar of the Wu Jian Council.
  1155 | D:2      | Became a worshipper of the Wu Jian Council
  1165 | D:2      | Found Ulliluz's Weapon Shoppe.
  1258 | D:2      | HP: 1/27 [adder (2)]
  1259 | D:2      | Succumbed to an adder's poison

Illustrated notes

Levels and vault maps discovered:
D:1:      arrival_zaba_pyramid, layout_loops_ring,
          hellmonk_ecumenical_altar_pennies_from_heaven
D:2:      layout_basic, basic_altar, serial_shops, shop, nicolae_square_shop,
          shop, shop, shop, minmay_puff, uniq_terence, uniq_natasha

Skill      XL: |  1  2  3 |
---------------+----------+-----
Stealth        | 6 7 |  7.8
Fighting       | |  2.4
Short Blades   | |  2.9
Throwing       | |  2.1
Armour         | |  0.1
Dodging        | |  1.2

Action                   |  1- 3 |  4- 6 || total
-------------------------+-------+-------++-------
Melee: Dagger            |    32 |    27 ||    59
Invok: Lunge             |       |     2 ||     2
 Stab: Sleeping          |    23 |     5 ||    28
Armor: Robe              |     3 |     4 ||     7
Dodge: Dodged            |     6 |     8 ||    14

Table legend: (Time is in decaauts)
 A = Elapsed time spent in this place.
 B = Non-inter-level travel time spent in this place.
 C = Inter-level travel time spent in this place.
 D = Time resting spent in this place.
 E = Time spent auto-exploring this place.
 F = Levels seen in this place.
 G = Mean time per level.
                   A        B        C        D        E       F      G
               +--------+--------+--------+--------+--------+-----+--------+
         Total |   1254 |   1242 |     12 |      0 |    985 |   2 |  627.0 |
       Dungeon |   1254 |   1242 |     12 |      0 |    985 |   2 |  627.0 |
               +--------+--------+--------+--------+--------+-----+--------+

Top non-repeatable levels by time:
     D:1: 880 daAuts
     D:2: 373 daAuts
